 Dungeon Crawl Stone Soup version 0.31-a0-841-g038b102fc3 (webtiles) character file.

Game seed: 134448940953994672

30 CraigForest the Slasher (level 3, 0/28 HPs)
             Began as a Barachi Gladiator on Sept 27, 2023.
             Frozen to death by an endoplasm (5 damage)
             ... on level 2 of the Dungeon.
             The game lasted 00:03:46 (783 turns).

CraigForest the Slasher (Barachi Gladiator)          Turns: 783, Time: 00:03:47

Health: 0/28       AC:  5    Str: 15    XL:     3   Next: 20%
Magic:  3/3        EV: 13    Int:  8    God:
Gold:   44         SH:  0    Dex: 15    Spells: 1/2 levels left

rFire   . . .        a - +0 long sword
rCold   . . .        (no shield)
rNeg    . . .        b - +0 leather armour
rPois   .            c - +1 helmet
rElec   .            (no cloak)
rCorr   .            (no gloves)
SInv    .            (no boots)
Will    .....        (no amulet)
Stlth   +            (no ring)
HPRegen 0.24/turn    (no ring)
MPRegen 0.08/turn

%: no passive effects
@: slow
A: amphibious, slowness 1, strong legs 1, +LOS
a: Hop


You were on level 2 of the Dungeon.
You visited 1 branch of the dungeon, and saw 2 of its levels.

You collected 44 gold pieces.

Inventory:

Hand Weapons
 a - a +0 long sword (weapon)
Missiles
 d - 3 throwing nets
 e - a javelin
 i - 5 boomerangs (quivered)
Armour
 b - a +0 leather armour (worn)
 c - a +1 helmet (worn)
 k - a +0 robe
Potions
 g - 2 potions of resistance
 l - a potion of curing


   Skills:
 + Level 2.8 Fighting
 + Level 4.1 Long Blades
 + Level 2.1 Throwing
 + Level 1.7 Armour
 + Level 3.5 Dodging


You had one spell level left.
You knew the following spells:

 Your Spells              Type           Power      Damage    Failure   Level
a - Magic Dart            Conj           0%         1d3       47%         1

Your spell library contained the following spells:

 Spells                   Type           Power      Damage    Failure   Level
 Searing Ray              Conj           0%         2d4       63%         2
 Sublimation of Blood     Necr           0%         N/A       63%         2
 Wereblood                Tmut           0%         N/A       63%         2
 Fulminant Prism          Conj/Hex       0%         3d5       99%         4
 Summon Hydra             Summ           0%         N/A       100%        7


Dungeon Overview and Level Annotations

Branches:
Dungeon (2/15)

Altars:


Innate Abilities, Weirdness & Mutations

You are amphibious.
You cover ground slowly.
You can hop short distances.
You have an extended range of vision and can be seen from far away.


Message History

Okay, then.
As you read the scroll labelled LEPIXO GAOTEU, it crumbles to dust.
It was a scroll of blinking.
As you read the scroll labelled CEYDOTSEMM, it crumbles to dust.
You feel strangely unstable.
It was a scroll of teleportation.
As you read the scroll labelled QEUGUM BATWESUR, it crumbles to dust.
It is a scroll of enchant armour.
Your +0 helmet glows green for a moment.
Your surroundings suddenly seem different.
An endoplasm, a bat and a frilled lizard come into view.
Found five items.
Found a stone staircase leading down.
The endoplasm quivers.
You are too injured to fight recklessly!
The endoplasm jiggles.
The bat hits you but does no damage.
You are too injured to fight recklessly!
You are too injured to fight recklessly!
You are too injured to fight recklessly!
The frilled lizard hisses angrily.
The bat barely misses you.
You hit the bat.
You kill the bat!
You hit the endoplasm but do no damage. The endoplasm closely misses you.
You hit the endoplasm.
The endoplasm is almost dead.
The endoplasm hits you but does no damage.
You hit the endoplasm but do no damage.
The endoplasm is almost dead.
The endoplasm freezes you.
You are frozen.
You barely miss the endoplasm.
The endoplasm is almost dead.
The endoplasm freezes you.
You are frozen.
* * * LOW HITPOINT WARNING * * *
You barely miss the endoplasm.
The endoplasm is almost dead.
The endoplasm freezes you.
You are frozen.
You die...

##........#..,*,*
*......>....,,*,* **
*,,........,*,,,* *,
**,,,.....*#####* *,
**,,##..##....# *,
***#.....#...# *,
#........|# **
#...lJ#...### *
#.....@..!..# *
#...........# *********
#....[......#**,,,,,,,,
#..(.........#*,*******
#.....#......#,,,,,*
############.#,,**,*
**,,,..,,*,*
**,,,,,#.,*,*
*,,,*,,,,,*,*


You could see an endoplasm and a frilled lizard.

Vanquished Creatures
  An adder (D:2)
  2 dart slugs (D:1)
  An endoplasm (D:1)
  2 goblins
  2 hobgoblins (D:1)
  3 kobolds (D:1)
  A quokka (D:1)
  3 bats
  3 rats (D:1)
18 creatures vanquished.

Notes
Turn   | Place    | Note
-------+----------+-------------------------------------------
     0 | D:1      | CraigForest the Barachi Gladiator began the quest for the
                  | Orb.
     0 | D:1      | Reached XP level 1. HP: 17/17 MP: 1/1
   110 | D:1      | Reached skill level 4 in Long Blades
   115 | D:1      | Reached XP level 2. HP: 4/23 MP: 2/2
   350 | D:1      | Learned a level 1 spell: Magic Dart
   440 | D:1      | Reached skill level 1 in Armour
   754 | D:2      | Reached XP level 3. HP: 7/28 MP: 3/3
   783 | D:2      | Frozen to death by an endoplasm

Illustrated notes

Levels and vault maps discovered:
D:1:      beargit_arrival_greenhouse, layout_loops_ring
D:2:      layout_basic, st_stairs_5, minmay_puff

Skill      XL: |  1  2 |
---------------+-------+-----
Long Blades    | 4 |  4.1
Armour         | 1 |  1.7
Fighting       | |  2.8
Throwing       | |  2.1
Dodging        | |  3.5

Action                     || total
---------------------------++-------
  Melee: Long sword        ||    64
    Use: Scroll            ||     6
 Armour: Leather armour    ||    44
         Robe              ||     4
  Dodge: Dodged            ||    47

Table legend: (Time is in decaauts)
 A = Elapsed time spent in this place.
 B = Non-inter-level travel time spent in this place.
 C = Inter-level travel time spent in this place.
 D = Time resting spent in this place.
 E = Time spent auto-exploring this place.
 F = Levels seen in this place.
 G = Mean time per level.
                   A        B        C        D        E       F      G
               +--------+--------+--------+--------+--------+-----+--------+
         Total |    901 |    873 |     28 |     78 |    557 |   2 |  450.5 |
       Dungeon |    901 |    873 |     28 |     78 |    557 |   2 |  450.5 |
               +--------+--------+--------+--------+--------+-----+--------+

Top non-repeatable levels by time:
     D:1: 835 daAuts
     D:2: 66 daAuts
